 Dungeon Crawl Stone Soup version 0.28-b1-25-g9875b3fc8c (webtiles) character file.

Game seed: 13337789317232695655

169 Descartes the Magician (level 5, -4/29 HPs)
             Began as a Deep Elf Wanderer on Feb 2, 2022.
             Succumbed to a kobold brigand's curare-tipped dart
             ... in a sewer.
             The game lasted 00:09:59 (2484 turns).

Descartes the Magician (Deep Elf Wanderer)          Turns: 2484, Time: 00:10:00

Health: -4/29      AC:  8    Str:  9    XL:     5   Next: 25%
Magic:  14/17      EV: 12    Int: 19    God:
Gold:   73         SH:  5    Dex: 20    Spells: 18/19 levels left

rFire   + . .      SeeInvis .   a - +0 dagger
rCold   + . .      Faith    .   c - +0 buckler
rNeg    . . .      Spirit   .   b - +0 robe
rPois   +          Reflect  .   (no helmet)
rElec   +          Harm     .   r - +0 cloak
rCorr   +          Rampage  .   q - +0 pair of gloves
Will    .....                   (no boots)
Stlth   ++........              (no amulet)
HPRegen 0.09/turn               e - +6 ring of dexterity
MPRegen 0.15/turn               p - +4 ring of protection

@: lethally poisoned (-4 -> -29), resistant, slowed, very slow
A: no striking features
a: no special abilities


You were in a sewer.
You visited 1 branch of the dungeon, and saw 3 of its levels.
You also visited: Sewer.

You collected 73 gold pieces.

Inventory:

Hand Weapons
 a - a +0 dagger (weapon)
Missiles
 m - 24 arrows
 n - 46 stones (quivered)
 o - 26 sling bullets
Armour
 b - a +0 robe (worn)
 c - a +0 buckler (worn)
 q - a +0 pair of gloves (worn)
 r - a +0 cloak (worn)
 s - a +0 leather armour
Jewellery
 e - a +6 ring of dexterity (left hand)
 p - a +4 ring of protection (right hand)
Scrolls
 d - a scroll of blinking
 t - a scroll of identify {unknown}
Potions
 i - 2 potions of flight


   Skills:
 - Level 1.0 Fighting
 + Level 2.2 Dodging
 + Level 1.9 Shields
 + Level 7.8 Spellcasting
 + Level 2.4 Conjurations
 - Level 2.1 Summonings
 + Level 2.2 Air Magic


You had 18 spell levels left.
You knew the following spells:

 Your Spells              Type           Power      Damage    Failure   Level
a - Shock                 Conj/Air       64%        1d7       4%          1

Your spell library contained the following spells:

 Spells                   Type           Power      Damage    Failure   Level
 Summon Small Mammal      Summ           60%        N/A       4%          1
 Static Discharge         Conj/Air       16%        N/A       7%          2
 Beastly Appendage        Tmut           14%        N/A       12%         1
 Blink                    Tloc           14%        N/A       19%         2
 Summon Guardian Golem    Hex/Summ       11%        N/A       24%         3


Dungeon Overview and Level Annotations

Branches:
Dungeon (3/15)              Sewer (1/1)

Altars:


Message History

The zap hits the jackal.
The jackal is heavily wounded.
The jackal barks!
A jackal comes into view.
Casting: Shock (safe; 4% risk of failure)
Confirm with . or Enter, or press ? or * to list all spells.
Aiming: Shock (safe; 4% risk of failure)
Press: ? - help, Shift-Dir - straight line, f - jackal
Aim: a jackal (wandering, hasn't noticed you, 64% to hit)
The zap hits the jackal.
You kill the jackal!
A kobold brigand comes into view.
It is wielding a +0 dagger and quivering curare-tipped darts.
Casting: Shock (safe; 4% risk of failure)
Confirm with . or Enter, or press ? or * to list all spells.
Aiming: Shock (safe; 4% risk of failure)
Press: ? - help, Shift-Dir - straight line, f - kobold brigand
Aim: a kobold brigand, wielding a +0 dagger and quivering curare-tipped darts (wandering, hasn't noticed you, 64% to hit)
The zap hits the kobold brigand.
The kobold brigand is lightly wounded.
The kobold brigand throws a curare-tipped dart.
The curare-tipped dart hits you.
You are poisoned.
You have difficulty breathing.
You feel yourself slow down.
Unknown command.
Casting: Shock (safe; 4% risk of failure)
Confirm with . or Enter, or press ? or * to list all spells.
Aiming: Shock (safe; 4% risk of failure)
Press: ? - help, Shift-Dir - straight line, f/p - kobold brigand
Aim: a kobold brigand, wielding a +0 dagger and quivering curare-tipped darts (lightly wounded, 64% to hit)
The zap hits the kobold brigand.
The kobold brigand is moderately wounded.
You feel very sick.
The kobold brigand throws a curare-tipped dart.
The curare-tipped dart hits you.
You are more poisoned.
You have difficulty breathing.
* * * LOW HITPOINT WARNING * * *
You feel as though you will be slow longer.
You feel protected.
You die...

#≈# #≈# #≈# #≈# #≈# #≈#
#≈# ##≈#########
#######≈≈≈@≈≈.≈..#
#######...≈.≈≈≈..≈≈≈≈≈.#
#≈≈≈≈≈≈≈≈≈≈≈≈≈≈≈≈≈≈≈≈≈.#
≈≈≈≈≈≈≈≈≈≈≈≈≈≈≈≈≈≈≈≈≈≈Kh
##≈≈≈≈≈≈≈≈≈≈≈≈≈≈≈≈≈≈≈≈.#
######.....≈≈..≈≈≈≈≈..#
###.###.....≈.≈..# #∩#
############ ###


You could see a kobold brigand and a jackal (wandering).

Vanquished Creatures
  8 adders
  2 river rats (Sewer)
  3 dart slugs
  4 orcs (D:3)
  8 ball pythons
  4 endoplasms
  7 giant cockroaches
  3 hobgoblins
  5 jackals
  2 quokkas (D:1)
  5 bats
  2 frilled lizards
  6 goblins
  5 kobolds
  7 rats
71 creatures vanquished.

Notes
Turn   | Place    | Note
-------+----------+-------------------------------------------
     0 | D:1      | Descartes the Deep Elf Wanderer began the quest for the
                  | Orb.
     0 | D:1      | Descartes set off with the following items: a +0 dagger, a
                  | +0 robe, a +0 buckler; and the following spells available
                  | to memorise: Summon Small Mammal, Beastly Appendage, Shock,
                  | Blink, Static Discharge, Summon Guardian Golem
     0 | D:1      | Reached XP level 1. HP: 12/12 MP: 10/10
     2 | D:1      | Learned a level 1 spell: Shock
   287 | D:1      | Reached skill level 1 in Conjurations
   287 | D:1      | Reached skill level 1 in Air Magic
   318 | D:1      | Reached XP level 2. HP: 16/16 MP: 7/12
   783 | D:1      | Found a faded altar of an unknown god.
   843 | D:1      | Reached XP level 3. HP: 20/20 MP: 9/13
   959 | D:1      | Reached skill level 1 in Dodging
  1394 | D:2      | Reached XP level 4. HP: 14/25 MP: 9/15
  2220 | D:3      | Found a glowing drain.
  2279 | D:3      | Reached XP level 5. HP: 29/29 MP: 9/17
  2294 | Sewer    | Entered a sewer
  2484 | Sewer    | Succumbed to a kobold brigand's curare-tipped dart

Illustrated notes

Levels and vault maps discovered:
D:1:      dpeg_arrival_short_road, layout_loops_cross,
          ebering_ecumenical_altar_ruins
D:2:      layout_rooms
D:3:      layout_basic, gup_sewer_entry_glass, minmay_misc_feat_enclosed
Sewer:    sewer_kobolds

Skill      XL: |  1  2  3  4 |
---------------+-------------+-----
Conjurations   | 1 2 |  2.4
Air Magic      | 1 2 |  2.2
Dodging        | 1 2 |  2.2
Fighting       | |  1.0
Shields        | |  1.9
Spellcasting   | |  7.8
Summonings     | |  2.1

Action                   |  1- 3 |  4- 6 || total
-------------------------+-------+-------++-------
Melee: Dagger            |       |    10 ||    10
 Cast: Shock             |    88 |    62 ||   150
  Use: Scroll            |       |     4 ||     4
       Potion            |       |     5 ||     5
Armor: Robe              |       |    14 ||    14
       Skin              |       |     8 ||     8
Dodge: Dodged            |    14 |    26 ||    40
Block: Buckler           |     4 |    17 ||    21
